 Dungeon Crawl Stone Soup version 0.30-a0-743-gbfdf073431 (webtiles) character file.

Game seed: 190707423115804168

16 kingofthe the Sneak (level 2, -1/15 HPs)
             Began as a Kobold Enchanter on Feb 5, 2023.
             Slain by a kobold
             ... wielding a +0 club
              (4 damage)
             ... on level 1 of the Dungeon.
             The game lasted 00:00:49 (155 turns).

kingofthe the Sneak (Kobold Enchanter)               Turns: 155, Time: 00:00:50

Health: -1/15      AC:  3    Str:  5    XL:     2   Next: 75%
Magic:  5/5        EV: 15    Int: 16    God:
Gold:   22         SH:  0    Dex: 15    Spells: 5/5 levels left

rFire   . . .      SeeInvis .    a - +1 dagger
rCold   . . .      Faith    .    (no shield)
rNeg    . . .      Spirit   .    b - +0 robe
rPois   .          Reflect  .    d - +0 helmet
rElec   .          Harm     .    (no cloak)
rCorr   .          Rampage  .    (no gloves)
Will    .....                    (no boots)
Stlth   ++++                     (no amulet)
HPRegen 0.22/turn                (no ring)
MPRegen 0.09/turn                (no ring)

@: no status effects
A: small, no large weapons, nightstalker 3
a: no special abilities


You were on level 1 of the Dungeon.
You visited 1 branch of the dungeon, and saw 1 of its levels.

You collected 22 gold pieces.

Inventory:

Hand Weapons
 a - a +1 dagger (weapon)
Armour
 b - a +0 robe (worn)
 d - a +0 helmet (worn)
Scrolls
 e - a scroll of blinking {unknown}
Potions
 c - 2 potions of invisibility
 f - a potion of magic {unknown}
 g - a potion of haste {unknown}


   Skills:
 + Level 1.9 Short Blades
 + Level 2.7 Dodging
 + Level 4.3 Stealth
 + Level 2.4 Spellcasting
 + Level 3.1 Hexes


You had 5 spell levels left.
You didn't know any spells.
Your spell library contained the following spells:

 Spells                   Type           Power      Damage    Failure   Level
 Ensorcelled Hibernation  Hex/Ice        14%        N/A       16%         2
 Confusing Touch          Hex            12%        N/A       16%         3
 Tukima's Dance           Hex            12%        N/A       16%         3
 Dazzling Flash           Conj/Hex       14%        N/A       30%         3


Dungeon Overview and Level Annotations

Branches:
Dungeon (1/15)

Altars:


Innate Abilities, Weirdness & Mutations

You are small and have problems with some larger weapons.
You are completely attuned to the shadows.


Message History

You kill the kobold!
No target in view!
g - a cyan potion A kobold comes into view.
It is wielding a +0 club.
Found a brown potion.
A rat comes into view.
A goblin comes into view. It is wielding a +0 dagger.
The kobold shouts!
The goblin shouts!
A bat comes into view.
The kobold misses you.
You hit the kobold.
The kobold is moderately wounded.
The kobold closely misses you.
You hit the kobold but do no damage.
The kobold is moderately wounded.
The bat misses you. The rat barely misses you. The kobold closely misses you.
You hit the kobold.
The kobold is severely wounded.
The bat barely misses you. The goblin barely misses you.
The rat barely misses you. The kobold hits you with a +0 club.
You hit the kobold but do no damage.
The kobold is severely wounded.
The bat misses you. The rat closely misses you. The kobold closely misses you.
The goblin barely misses you.
You barely miss the kobold.
The kobold is severely wounded.
The bat hits you but does no damage. The rat misses you.
The goblin hits you with a +0 dagger. The kobold completely misses you.
You hit the kobold but do no damage.
The kobold is severely wounded.
A bat comes into view.
The bat completely misses you. The rat bites you.
The kobold hits you with a +0 club. The goblin barely misses you.
The kobold attacks as you move away! The kobold hits you with a +0 club.
* * * LOW HITPOINT WARNING * * *
The goblin attacks as you move away! The goblin hits you with a +0 dagger.
* * * LOW HITPOINT WARNING * * *
The bat misses you. The kobold attacks as you move away!
The kobold hits you with a +0 club.
You die...

♣### ......... ..~#
#......^.b ...##
#......!.. ....#####
#..b......
...<.##.#####...gK....
......#.........@r....
......#...###.........
.....♣#.#...........#.
......#.#####.)..####
......#.# ###....
......#.# #.###
...♣..#.# .#
.....♣#.####
......#....#


You could see a goblin, a bat, a kobold and a rat.

Vanquished Creatures
  A gnoll (D:1)
  A bat (D:1)
  A hobgoblin (D:1)
  2 jackals (D:1)
  A kobold (D:1)
6 creatures vanquished.

Notes
Turn   | Place    | Note
-------+----------+-------------------------------------------
     0 | D:1      | kingofthe the Kobold Enchanter began the quest for the Orb.
     0 | D:1      | Reached XP level 1. HP: 10/10 MP: 3/3
    97 | D:1      | Reached XP level 2. HP: 9/15 MP: 5/5
   155 | D:1      | Slain by a kobold

Illustrated notes

Levels and vault maps discovered:
D:1:      nzn_arrival_settlement, layout_rooms, minmay_lizard_king

Action                     || total
---------------------------++-------
  Melee: Dagger            ||    21
   Stab: Sleeping          ||     4
 Armour: Robe              ||     7
  Dodge: Dodged            ||    34

Table legend: (Time is in decaauts)
 A = Elapsed time spent in this place.
 B = Non-inter-level travel time spent in this place.
 C = Inter-level travel time spent in this place.
 D = Time resting spent in this place.
 E = Time spent auto-exploring this place.
 F = Levels seen in this place.
 G = Mean time per level.
                   A        B        C        D        E       F      G
               +--------+--------+--------+--------+--------+-----+--------+
         Total |    153 |    153 |      0 |     27 |     61 |   1 |  153.0 |
       Dungeon |    153 |    153 |      0 |     27 |     61 |   1 |  153.0 |
               +--------+--------+--------+--------+--------+-----+--------+

Top non-repeatable levels by time:
     D:1: 153 daAuts
